 Dungeon Crawl Stone Soup version 0.21-a0-221-gfe971b9 (webtiles) character file.

1075 Blomdor the Chopper (level 8, -1/61 HPs)
             Began as a Barachi Artificer on Aug 26, 2017.
             Killed from afar by an electric eel (14 damage)
             ... with a bolt of electricity
             ... on level 6 of the Dungeon.
             The game lasted 00:07:16 (4380 turns).

Blomdor the Chopper (Barachi Artificer)             Turns: 4380, Time: 00:07:17

Health: -1/61      AC: 14    Str: 15    XL:     8   Next: 29%
Magic:  10/10      EV:  5    Int: 13    God:
Gold:   177        SH:  8    Dex: 15    Spells: 7/7 levels left

rFire    . . .     SeeInvis .   r - +1 hand axe
rCold    . . .     Gourm    .   l - +0 buckler
rNeg     . . .     Faith    .   k - +1 plate armour
rPois    .         Spirit   .   (no helmet)
rElec    .         Reflect  +   (no cloak)
rCorr    .         Harm     .   y - +0 pair of gloves
MR       .....                  (no boots)
Stlth    ..........             v - +3 amulet of reflection
HPRegen  0.20/turn              t - +3 ring of dexterity
MPRegen  0.12/turn              (no ring)

@: can't hop, slow
A: +LOS, swims, slowness 1, strong legs 1
a: Hop


You were on level 6 of the Dungeon.
You were not hungry.

You visited 1 branch of the dungeon, and saw 6 of its levels.

You collected 177 gold pieces.

Inventory:

Hand Weapons
 r - a +1 hand axe (weapon)
Armour
 k - a +1 plate armour (worn)
 l - a +0 buckler (worn)
 y - a +0 pair of gloves (worn)
Jewellery
 t - a +3 ring of dexterity (left hand)
 v - a +3 amulet of reflection (around neck)
Wands
 c - a wand of flame (6/48)
 d - a wand of enslavement (15/24)
 e - a wand of random effects (15/48)
 o - a wand of iceblast (12/15)
 u - a wand of iceblast (7/15)
Scrolls
 b - 3 scrolls of fear
 j - 2 scrolls of teleportation
 m - 6 scrolls of remove curse
 p - a scroll of amnesia
 q - a scroll of identify
 B - a scroll of recharging
Potions
 g - a potion of cancellation
 h - 2 potions of curing
 i - 5 potions of haste
 n - a potion of agility
 x - a potion of heal wounds
Comestibles
 a - 3 meat rations
 f - 3 bread rations
 s - a royal jelly
 z - 4 fruits


   Skills:
 + Level 4.9 Fighting
   Level 1.1 Short Blades
 * Level 6.9 Axes
 + Level 4.3 Armour
 - Level 2.1 Dodging
 - Level 0.8 Stealth
 + Level 4.1 Shields
 - Level 3.2 Evocations


You had 7 spell levels left.
You didn't know any spells.

Dungeon Overview and Level Annotations

Branches:
Dungeon (6/15)
 Temple: D:4-7

Altars:
Elyvilon
Kikubaaqudgha
Makhleb
Ru
Trog
Xom
Zin
The Shining One


Innate Abilities, Weirdness & Mutations

Shadows flee at your approach. (+LOS)
You can swim through water.
You cover ground slowly.
You can hop short distances.


Message History

* * * LOW HITPOINT WARNING * * *
The electric eel shoots out a bolt of lightning at you!
The bolt of electricity hits the plant.
The bolt of electricity hits you!
* * * LOW HITPOINT WARNING * * *
The electric eel shoots out a bolt of lightning at you!
The bolt of electricity hits the plant.
The plant is destroyed!
The bolt of electricity hits you!
* * * LOW HITPOINT WARNING * * *
Okay, then.
Okay, then.
Okay, then.
Okay, then.
You feel much better.
The electric eel shoots out a bolt of lightning at you!
The bolt of electricity hits you!
* * * LOW HITPOINT WARNING * * *
The electric eel shoots out a bolt of lightning at you!
The bolt of electricity hits you!
You die...

#.# ♣♣≈≈≈≈≈;≈.≈≈♣ #.#
♣≈≈≈≈≈≈≈≈.;;♣♣ #<#
♣PP≈≈≈≈≈.≈≈≈♣♣♣♣# #♣ #.#
#≈≈≈≈≈≈≈.≈≈≈PP≈≈♣≈≈≈ #.#
##♣≈P≈≈÷.≈≈≈≈≈P≈≈≈≈≈ #.#
#.≈≈≈≈≈.≈P≈≈≈≈≈≈≈≈≈ ###.###
#.#♣≈≈......$...... #.....#
#...♣≈..♣≈≈≈P≈≈≈≈≈≈
#.###[###.#@....#P♣≈≈≈P♣♣♣♣
#.# #.....########≈♣♣♣≈≈P≈
#.###)##### #≈ .###.
#.....# ## # ###.### #<#
#.# #.# #.#


You could see 3 electric eels.

Vanquished Creatures
  The ghost of anubisbafoobis the Skirmisher, an amateur DsFi (D:4)
  Grinder (D:5)
  Menkaure (D:5)
  An ogre (D:4)
  A centaur (D:5)
  The ghost of Heh the Conjurer, an amateur OpFE (D:3)
  An electric eel (D:6)
  A howler monkey (D:4)
  A jelly (D:6)
  Jessica (D:3)
  An iguana (D:6)
  A worker ant (D:5)
  Terence (D:3)
  A hound skeleton (D:4)
  A howler monkey zombie (D:6)
  3 adders (D:3)
  2 adder zombies (D:5)
  A worm (D:5)
  A dart slug (D:1)
  3 leopard geckos
  7 orcs
  A ball python (D:2)
  7 bats
  5 giant cockroaches
  7 goblins
  6 hobgoblins
  4 jackals
  3 quokkas
  2 frilled lizards (D:1)
  A jackal skeleton (D:5)
  6 kobolds
  A quokka skeleton (D:5)
  6 rats
81 creatures vanquished.

Vanquished Creatures (others)
  A plant (D:6)
1 creature vanquished.

Grand Total: 82 creatures vanquished

Notes
Turn   | Place    | Note
-------+----------+-------------------------------------------
     0 | D:1      | Blomdor the Barachi Artificer began the quest for the Orb.
     0 | D:1      | Reached XP level 1. HP: 15/15 MP: 3/3
   159 | D:1      | You fall through a shaft!
   243 | D:2      | Reached XP level 2. HP: 10/22 MP: 4/4
   493 | D:2      | Reached skill level 1 in Shields
   610 | D:2      | Reached skill level 1 in Armour
   775 | D:2      | Found a shimmering altar of Xom.
   952 | D:1      | Reached XP level 3. HP: 27/27 MP: 5/5
  1868 | D:3      | Noticed Heh's ghost (amateur OpFE)
  1890 | D:3      | Reached skill level 1 in Axes
  1899 | D:3      | Killed Heh's ghost
  1899 | D:3      | Reached skill level 3 in Axes
  1899 | D:3      | Reached XP level 4. HP: 14/34 MP: 6/6
  1899 | D:3      | Reached XP level 5. HP: 16/39 MP: 7/7
  2178 | D:3      | Noticed Jessica
  2180 | D:3      | Noticed Terence
  2187 | D:3      | Killed Terence
  2192 | D:3      | Found a faded altar of an unknown god.
  2246 | D:3      | Reached skill level 4 in Axes
  2339 | D:3      | Killed Jessica
  2346 | D:3      | Found a sacrificial altar of Ru.
  2346 | D:3      | Found a glowing silver altar of Zin.
  2407 | D:3      | Found a burning altar of Makhleb.
  2558 | D:4      | Noticed an ogre
  2565 | D:4      | Killed an ogre
  2565 | D:4      | Reached XP level 6. HP: 32/47 MP: 8/8
  2692 | D:4      | Noticed anubisbafoobis's ghost (amateur DsFi)
  2713 | D:4      | Killed anubisbafoobis's ghost
  2713 | D:4      | Reached skill level 5 in Axes
  2713 | D:4      | Reached XP level 7. HP: 27/53 MP: 9/9
  2878 | D:4      | Found a shimmering altar of Xom.
  2882 | D:4      | Found a bloodstained altar of Trog.
  2882 | D:4      | Found a white marble altar of Elyvilon.
  2899 | D:4      | Found a glowing golden altar of the Shining One.
  2903 | D:4      | Found an ancient bone altar of Kikubaaqudgha.
  3191 | D:5      | Entered Level 5 of the Dungeon
  3285 | D:5      | Noticed Grinder
  3287 | D:5      | Paralysed by Grinder for 4 turns
  3307 | D:5      | Paralysed by Grinder for 5 turns
  3318 | D:5      | Killed Grinder
  3318 | D:5      | Reached skill level 6 in Axes
  3551 | D:5      | Noticed Menkaure
  3553 | D:5      | Killed Menkaure
  3553 | D:5      | Reached XP level 8. HP: 61/61 MP: 10/10
  4378 | D:6      | HP: 1/61 [electric eel/bolt of electricity (7)]
  4380 | D:6      | Killed from afar by an electric eel

Vault maps used:
D:1:      co_arrival_random_square_maze
D:2:      first_bread, xom_teletrap_fun
D:3:      lemuel_coloured_pillars_altar, gammafunk_temple_overflow_wave,
          chequers_ecumenical_altar_lobes, uniq_terence, uniq_jessica
D:4:      minmay_overflow_temple_star_hex
D:5:      uniq_grinder, uniq_menkaure
D:6:      serial_bayou_lagoon_b

Skill      XL: |  1  2  3  4  5  6  7  8 |
---------------+-------------------------+-----
Shields        | 1 2 3 4 |  4.1
Armour         | 1 2 3 4 |  4.3
Fighting       | 2 3 4 |  4.9
Axes           | 3 4 5 6 |  6.9
Short Blades   | |  1.1
Dodging        | |  2.1
Stealth        | |  0.8
Evocations     | |  3.2

Action                   |  1- 3 |  4- 6 |  7- 9 || total
-------------------------+-------+-------+-------++-------
Melee: Short sword       |   153 |       |       ||   153
       Hand axe          |    51 |    87 |   108 ||   246
 Abil: Hop               |       |     1 |     1 ||     2
Evoke: Wand              |       |     6 |     6 ||    12
  Use: Scroll            |    14 |     1 |     2 ||    17
       Potion            |       |       |     1 ||     1
  Eat: Chunk             |     4 |     3 |     6 ||    13
Armor: Leather armour    |    13 |       |       ||    13
       Plate armour      |   143 |    41 |    64 ||   248
Dodge: Dodged            |    72 |    15 |    16 ||   103
Block: Buckler           |    44 |    21 |    32 ||    97

Table legend:
 A = Spawn XP
 B = Non-spawn XP
 C = Spawn XP percentage of total XP
 D = Spawn monster count
 E = Non-spawn monster count
 F = Spawn count percentage of total count
 G = Total turns spent on level
                    A         B        C        D         E        F      G
               +---------+---------+-------+---------+---------+-------+---------
         Total |      42 |    1494 |   2.7 |      15 |      66 |  18.5 |  4380
               +---------+---------+-------+---------+---------+-------+---------
           D:1 |      12 |      25 |  32.4 |       7 |      15 |  31.8 |  1160
           D:2 |       5 |      18 |  21.7 |       3 |      11 |  21.4 |   694
           D:3 |      18 |     217 |   7.7 |       3 |      16 |  15.8 |   677
           D:4 |       0 |     484 |   0.0 |       0 |       5 |   0.0 |   660
           D:5 |       5 |     596 |   0.8 |       1 |      14 |   6.7 |   607
           D:6 |       2 |     154 |   1.3 |       1 |       5 |  16.7 |   582
               +---------+---------+-------+---------+---------+-------+---------
